 Dungeon Crawl Stone Soup version 0.25-a0-937-gcfae464cf3 (webtiles) character file.

Game seed: 14691055913701499061, levelgen mode: deterministic

18092 gruber the Eclecticist (level 12, -2/59 HPs)
             Began as a Deep Elf Ice Elementalist on May 4, 2020.
             Was a High Priest of Vehumet.
             Slain by an unseen horror (6 damage)
             ... on level 13 of the Dungeon.
             The game lasted 00:27:14 (16232 turns).

gruber the Eclecticist (Deep Elf Ice Elementalist) Turns: 16232, Time: 00:27:14

Health: -2/59      AC:  7    Str:  5    XL:     12   Next: 24%
Magic:  6/35       EV: 15    Int: 31    God:    Vehumet [*****.]
Gold:   671        SH:  0    Dex: 15    Spells: 23/45 levels left

rFire    . . .     SeeInvis .   P - staff of earth
rCold    . . .     Gourm    +   (no shield)
rNeg     . . .     Faith    .   a - +0 robe
rPois    .         Spirit   .   u - +0 helmet
rElec    +         Reflect  .   B - +0 cloak
rCorr    .         Harm     .   (no gloves)
MR       ++...                  w - +2 pair of boots of Sestonid {*Contam rElec Int+5}
Stlth    ++........             E - amulet of the gourmand
HPRegen  0.19/turn              R - ring of protection from magic
MPRegen  0.24/turn              O - +2 ring of evasion

@: marked
A: no striking features
a: Renounce Religion


You were on level 13 of the Dungeon.
You worshipped Vehumet.
Vehumet was extremely pleased with you.
You were completely stuffed.

You visited 1 branch of the dungeon, and saw 13 of its levels.

You collected 710 gold pieces.
You spent 39 gold pieces at shops.

Inventory:

Hand Weapons
 n - a +0 dagger of venom
Missiles
 G - 40 poisoned darts (quivered)
Armour
 a - a +0 robe (worn)
 o - a +2 leather armour of positive energy
 u - a +0 helmet (worn)
 w - the +2 pair of boots of Sestonid (worn) {*Contam rElec Int+5}
   (You found it on level 4 of the Dungeon)

   It affects your intelligence (+5).
   It insulates you from electricity.
   It causes magical contamination when unequipped.
 B - a +0 cloak (worn)
 K - cursed +0 steam dragon scales
Magical Staves
 P - an uncursed staff of earth (weapon)
 U - an uncursed staff of energy
Jewellery
 E - an amulet of the gourmand (around neck)
 H - an uncursed ring of positive energy
 O - a +2 ring of evasion (right hand)
 R - a ring of protection from magic (left hand)
Wands
 m - a wand of polymorph (10)
 z - a wand of clouds (2)
 D - a wand of enslavement (7)
 M - a wand of flame (45)
 N - a wand of paralysis (8)
 T - a wand of acid (12)
Scrolls
 d - 3 scrolls of blinking {unknown}
 g - 3 scrolls of enchant weapon {unknown}
 h - 2 scrolls of immolation {unknown}
 j - 8 scrolls of remove curse {unknown}
 k - 3 scrolls of teleportation
 s - a scroll of fog {unknown}
 v - 5 scrolls of amnesia {unknown}
 y - 9 scrolls of identify
 A - 3 scrolls of magic mapping {unknown}
 C - 2 scrolls of noise {unknown}
 I - a scroll of brand weapon {unknown}
 L - a scroll of random uselessness {unknown}
 Q - a scroll of fear {unknown}
Potions
 b - a potion of magic
 e - 3 potions of berserk rage {unknown}
 f - 3 potions of flight
 i - 5 potions of curing
 l - 4 potions of might {unknown}
 p - 8 potions of heal wounds
 q - a potion of lignification {unknown}
 r - 2 potions of haste
 t - 3 potions of brilliance {unknown}
 x - 2 potions of mutation {unknown}
 F - a potion of cancellation {unknown}
 J - a potion of degeneration {unknown}
 S - 2 potions of ambrosia {unknown}
Comestibles
 c - 27 rations
 V - 5 chunks of flesh


   Skills:
 - Level 2.4 Dodging
 - Level 2.4 Stealth
 - Level 17.3 Spellcasting
 - Level 8.1 Conjurations
 - Level 4.2 Summonings
 - Level 13.1 Ice Magic
 * Level 2.2 Earth Magic


You had 23 spell levels left.
You knew the following spells:

 Your Spells              Type           Power        Failure   Level  Hunger
a - Freeze                Ice            ####         0%          1    None
b - Frozen Ramparts       Ice            ######       0%          3    None
c - Hailstorm             Conj/Ice       #######.     1%          4    None
d - Summon Ice Beast      Ice/Summ       ######..     1%          4    None
e - Blink                 Tloc           N/A          2%          2    None
f - Summon Mana Viper     Hex/Summ       #####...     19%         5    None
g - Stone Arrow           Conj/Erth      ######       1%          3    None

Your spell library contained the following spells:

 Spells                   Type           Power        Failure   Level  Hunger
 Iskenderun's Battlesphe  Conj/Chrm      ######..     2%          5    None
 Magic Dart               Conj           ####         1%          1    None
 Sandblast                Erth           ######       1%          1    None
 Summon Small Mammal      Summ           ####         1%          1    None
 Call Imp                 Summ           ######..     1%          2    None
 Passwall                 Tmut/Erth      ######..     1%          2    None
 Call Canine Familiar     Summ           ######..     1%          3    None
 Conjure Flame            Conj/Fire      ######..     1%          3    None
 Mephitic Cloud           Conj/Pois/Air  #####...     1%          3    None
 Ozocubu's Armour         Chrm/Ice       ######..     1%          3    None
 Summon Guardian Golem    Hex/Summ       #####...     1%          3    None
 Iskenderun's Mystic Bla  Conj/Tloc      ######..     1%          4    None
 Slow                     Hex            ####....     2%          2    None
 Metabolic Englaciation   Hex/Ice        ######....   3%          5    None
 Confusing Touch          Hex            ####....     4%          3    None
 Gell's Gravitas          Tloc           ####......   4%          3    None
 Teleport Other           Tloc           ####....     4%          3    None
 Lee's Rapid Deconstruct  Erth           ######....   4%          5    None
 Summon Lightning Spire   Summ/Air       #####...     6%          4    None
 Summon Demon             Summ           ######....   8%          5    None
 Petrify                  Tmut/Erth      ######..     10%         4    None
 Yara's Violent Unravell  Hex/Tmut       ####......   12%         5    None


Dungeon Overview and Level Annotations

Branches:
Dungeon (13/15)            Temple (0/1) D:6             Orc (0/2) D:11
   Lair: D:8-11      Vaults: D:13-14

Altars:
Ashenzari
Elyvilon
Fedhas
Gozag
Makhleb
Okawaru
Qazlal
Ru
Trog
Vehumet
Wu Jian
Zin
Beogh

Shops:
D:4 =   D:6 *

Annotations:
D:8 3 runed translucent doors, AoiMiko's ghost, novice DECj


Message History

A cannonade of hail descends around you!
Something hits you.
* * * LOW HITPOINT WARNING * * *
Something hits you.
* * * LOW HITPOINT WARNING * * *
Something hits you.
* * * LOW HITPOINT WARNING * * *
Something hits you but does no damage.
A green ugly thing comes into view.
Something barely misses you. x2
Unknown command.
Unknown command.
Casting: Hailstorm (safe; 1% risk of failure)
Confirm with . or Enter, or press ? or * to list all spells.
A cannonade of hail descends around you!
The hail pelts the ogre!!
You kill the ogre!
Vehumet accepts your kill. Something hits you.
You die...

.##########
.........@#
..○.†a.({(#
..u...)...#
.....l....#
.....######
..○.. ....
... ...


You could see a green ugly thing, a wyvern and a worker ant.

Vanquished Creatures
  Erolcha (D:11)
  5 two-headed ogres
  An unseen horror (D:10)
  A manticore (D:12)
  3 cyclopes
  4 ugly things
  2 centaur skeletons
  3 trolls
  A hornet (D:12)
  A hippogriff (D:10)
  Sigmund (D:6)
  A water elemental (D:12)
  13 yaks
  2 wraiths (D:8)
  4 hogs (D:7)
  A human (D:7)
  Eustachio (D:5)
  An acid dragon (D:10)
  2 soldier ants (D:12)
  2 sky beasts
  A phantom (D:10)
  A hornet zombie (D:12)
  2 ice beasts
  5 orc warriors
  3 ogres
  A black bear (D:10)
  A necrophage (D:13)
  A boggart (D:9)
  7 centaurs
  A crocodile (D:10)
  3 big kobolds
  4 bullfrogs
  4 scorpions
  6 killer bees (D:10)
  6 wights
  2 howler monkeys (D:8)
  An electric eel (D:12)
  4 crimson imps
  3 hounds
  3 orc priests
  A bullfrog zombie (D:9)
  A jelly (D:8)
  Crazy Yiuf (D:4)
  A bullfrog skeleton (D:11)
  3 orc wizards
  5 iguanas
  Ijyb (D:3)
  Natasha (thrice) (D:3)
  6 worker ants
  2 worker ant zombies
  Robin (D:2)
  3 gnolls (D:5)
  5 adders
  2 adder skeletons
  An adder zombie (D:7)
  A dart slug (D:2)
  2 worms
  4 leopard geckos
  24 orcs
  9 giant cockroaches
  17 goblins
  7 hobgoblins
  4 jackals
  16 kobolds
  5 quokkas
  3 bats
  4 frilled lizards
  A jackal skeleton (D:7)
  4 rats
246 creatures vanquished.

Vanquished Creatures (collateral kills)
  Maggie (D:10)
  A komodo dragon (D:12)
  A hornet (D:11)
  A troll (D:12)
  2 centaur simulacra (D:12)
  A wraith (D:8)
  A yak (D:12)
  A water moccasin (D:7)
  An orc warrior (D:8)
  3 ice beasts
  2 necrophages
  2 ogres (D:5)
  2 centaurs
  A bullfrog (D:10)
  A water moccasin zombie (D:10)
  A wight (D:6)
  A bullfrog zombie (D:10)
  A hound (D:8)
  An orc priest (D:8)
  2 centaur skeletons
  A bullfrog skeleton (D:12)
  A killer bee zombie (D:6)
  A howler monkey skeleton (D:8)
  2 shadow imps
  A white imp (D:12)
  4 orcs
37 creatures vanquished.

Grand Total: 283 creatures vanquished

Notes
Turn   | Place    | Note
-------+----------+-------------------------------------------
     0 | D:1      | gruber the Deep Elf Ice Elementalist began the quest for
                  | the Orb.
     0 | D:1      | Reached XP level 1. HP: 10/10 MP: 6/6
   269 | D:1      | Reached XP level 2. HP: 15/15 MP: 4/8
   363 | D:1      | You fall into a shaft and drop 1 floor!
   397 | D:2      | Reached skill level 5 in Ice Magic
  1138 | D:2      | Reached XP level 3. HP: 14/19 MP: 6/10
  1250 | D:2      | Found a bloodstained altar of Trog.
  1253 | D:2      | Noticed Robin
  1433 | D:3      | Learned a level 3 spell: Frozen Ramparts
  1450 | D:3      | Noticed Ijyb
  1452 | D:3      | Noticed Natasha
  1453 | D:3      | Killed Ijyb
  1453 | D:3      | Reached skill level 4 in Spellcasting
  1462 | D:3      | Killed Natasha
  1462 | D:3      | Reached XP level 4. HP: 24/24 MP: 3/12
  1498 | D:3      | Noticed Natasha
  1507 | D:3      | Killed Natasha
  1574 | D:3      | Noticed Natasha
  1586 | D:3      | Killed Natasha
  1586 | D:3      | Reached skill level 5 in Spellcasting
  1704 | D:3      | Found a shattered altar of Ashenzari.
  2141 | D:2      | Reached XP level 5. HP: 28/28 MP: 10/14
  2268 | D:2      | Killed Robin
  2424 | D:2      | Found an iron altar of Okawaru.
  2626 | D:2      | Found a radiant altar of Vehumet.
  2869 | D:2      | Found a glowing silver altar of Zin.
  3019 | D:2      | Became a worshipper of Vehumet
  3204 | D:4      | Got a pair of translucent boots
  3210 | D:4      | Identified the +2 pair of boots of Sestonid {*Contam rElec
                  | Int+5} (You found it on level 4 of the Dungeon)
  3266 | D:4      | Found an opulent altar of Gozag.
  3276 | D:4      | Learned a level 4 spell: Hailstorm
  3281 | D:4      | Learned a level 4 spell: Summon Ice Beast
  3383 | D:4      | Found a sacrificial altar of Ru.
  3407 | D:4      | Found Ulacac's Jewellery Shop.
  3477 | D:4      | Reached XP level 6. HP: 32/32 MP: 10/16
  4203 | D:4      | Found a runed translucent door.
  4204 | D:4      | Noticed Crazy Yiuf
  4211 | D:4      | Killed Crazy Yiuf
  4211 | D:4      | Reached skill level 6 in Spellcasting
  4292 | D:5      | Entered Level 5 of the Dungeon
  4453 | D:5      | Noticed a sky beast
  4559 | D:5      | Reached * piety under Vehumet
  4559 | D:5      | Offered knowledge of Shock by Vehumet.
  4559 | D:5      | Reached XP level 7. HP: 36/36 MP: 12/18
  4927 | D:5      | Noticed Eustachio
  4944 | D:5      | Killed Eustachio
  5206 | D:6      | Reached XP level 8. HP: 33/41 MP: 14/19
  5342 | D:6      | Found a burning altar of Makhleb.
  5589 | D:6      | Noticed Sigmund
  5599 | D:6      | Killed Sigmund
  5599 | D:6      | Reached skill level 5 in Conjurations
  5734 | D:6      | Found a staircase to the Ecumenical Temple.
  6044 | D:6      | Found a blossoming altar of Fedhas.
  6239 | D:6      | Found Fitoeg's General Store.
  6242 | D:6      | Bought a scroll of teleportation for 39 gold pieces
  6261 | D:7      | Found a stormy altar of Qazlal.
  6493 | D:7      | Reached ** piety under Vehumet
  6493 | D:7      | Offered knowledge of Searing Ray by Vehumet.
  7131 | D:7      | Reached skill level 7 in Spellcasting
  7240 | D:7      | Reached XP level 9. HP: 45/45 MP: 12/22
  7240 | D:7      | Reached skill level 8 in Spellcasting
  7240 | D:7      | Reached skill level 9 in Spellcasting
  7408 | D:7      | Reached skill level 10 in Spellcasting
  7549 | D:8      | You fall into a shaft and drop 3 floors!
  7861 | D:11     | Reached skill level 11 in Spellcasting
  7945 | D:11     | Found a staircase to the Orcish Mines.
  7949 | D:11     | Noticed Erolcha
  7962 | D:11     | Killed Erolcha
  7962 | D:11     | Reached skill level 12 in Spellcasting
  8184 | D:10     | Entered Level 10 of the Dungeon
  8185 | D:10     | Reached XP level 10. HP: 50/50 MP: 23/28
  8347 | D:10     | Reached skill level 13 in Spellcasting
  8511 | D:10     | Noticed a purple ugly thing
  8532 | D:10     | Killed a purple ugly thing
  8771 | D:10     | Reached skill level 14 in Spellcasting
  8841 | D:10     | Offered knowledge of Inner Flame by Vehumet.
  8979 | D:10     | Noticed a two-headed ogre
  8984 | D:10     | Killed a two-headed ogre
  9219 | D:10     | Identified the Catalogue of the Escort and Orientation
  9232 | D:10     | Noticed Maggie
  9245 | D:10     | Reached skill level 15 in Spellcasting
  9245 | D:10     | Killed Maggie
  9271 | D:10     | Noticed a two-headed ogre
  9349 | D:10     | Killed a two-headed ogre
  9420 | D:10     | Reached skill level 16 in Spellcasting
  9489 | D:10     | Reached *** piety under Vehumet
  9648 | D:10     | Killed an unseen horror
  9648 | D:10     | Reached XP level 11. HP: 16/54 MP: 4/33
 10237 | D:10     | Reached skill level 17 in Spellcasting
 10718 | D:10     | Noticed a death knight
 10836 | D:9      | Found a shattered altar of Ashenzari.
 10903 | D:9      | Offered knowledge of Airstrike by Vehumet.
 10957 | D:9      | Learned a level 2 spell: Blink
 10989 | D:9      | Noticed a fire dragon
 11314 | D:8      | Got a twisted ring mail
 11336 | D:8      | Identified the cursed +0 ring mail of Divine Compulsion
                  | {Int+4} (You found it on level 8 of the Dungeon)
 11378 | D:8      | Found an ornate altar of the Wu Jian Council.
 11537 | D:8      | Found a runed translucent gate.
 11538 | D:8      | Found a runed translucent gate.
 11538 | D:8      | Found a runed translucent gate.
 11539 | D:8      | Noticed AoiMiko's ghost (novice DECj)
 11542 | D:8      | Found a white marble altar of Elyvilon.
 12000 | D:8      | Reached **** piety under Vehumet
 12275 | D:8      | Found the +5 scythe "Finisher" {speed, eviscerate}
 12341 | D:8      | Offered knowledge of Iskenderun's Battlesphere by Vehumet.
 13659 | D:11     | Reached skill level 10 in Ice Magic
 13946 | D:11     | Noticed a two-headed ogre
 13955 | D:11     | Killed a two-headed ogre
 14057 | D:11     | Found a roughly hewn altar of Beogh.
 14372 | D:12     | Noticed a cyan ugly thing
 14378 | D:12     | Killed a cyan ugly thing
 14674 | D:12     | Noticed a two-headed ogre
 14679 | D:12     | Killed a two-headed ogre
 14870 | D:12     | Noticed a brown ugly thing
 14879 | D:12     | Killed a brown ugly thing
 15166 | D:12     | Reached XP level 12. HP: 59/59 MP: 23/35
 15240 | D:12     | Learned a level 5 spell: Summon Mana Viper
 15244 | D:12     | Learned a level 3 spell: Stone Arrow
 15550 | D:12     | Noticed a two-headed ogre
 15557 | D:12     | Killed a two-headed ogre
 16091 | D:13     | Reached ***** piety under Vehumet
 16219 | D:13     | Reached skill level 1 in Earth Magic
 16232 | D:13     | Slain by an unseen horror

Levels and vault maps discovered:
D:1:      ncdulo_lavacross, layout_basic
D:2:      layout_loops_cross, marbit_many_paths, nicolae_overflow_hidden_temple,
          okawaru_trees_2, nicolae_overflow_crystal_walls, first_ration,
          uniq_robin
D:3:      layout_rooms, lemuel_crystal_altar, uniq_natasha, uniq_ijyb
D:4:      layout_basic, nicolae_gozag_seed_capital,
          nicolae_ru_the_path_less_chosen, serial_shops, shop,
          uniq_crazy_yiuf_cottage
D:5:      layout_cave_pools, uniq_eustachio
D:6:      layout_basic, makhleb_grotto_becter, kennysheep_mini, temple_hall,
          serial_shops, kennysheep_mini_moat, uniq_sigmund
D:7:      layout_loops_corners, overflow_temple_1_default, grunt_livestock
D:8:      layout_layer_cave, overflow_temple_1_default, old_standard_altar,
          gammafunk_ghost_spectres, minmay_guarded_unrand_finisher
D:9:      minmay_chopped_fan, layout_cave_pods,
          nemelex_xobeh_ov_fountains_minmay, erik_lair_orcish_takeover,
          evilmike_ruin_ashenzari
D:10:     minmay_tri_box, layout_basic, uniq_maggie
D:11:     layout_roguey, minmay_orc_entry_temple_small, kennysheep_small_square,
          uniq_erolcha
D:12:     layout_small_grid, serial_ice, serial_ice_a, serial_ice_d,
          serial_ice_o, serial_ice_j, hangedman_decor_growths, minmay_bent
D:13:     layout_grid_maze, ximxim_vaults_locker_room, nicolae_elemental_shop,
          grunt_decor_mini_mirrors

Skill      XL: |  1  2  3  4  5  6  7  8  9 10 11 12 |
---------------+-------------------------------------+-----
Ice Magic      | 5 6 7 8 12 13 | 13.1
Spellcasting   | 4 5 6 7 12 16 17 | 17.3
Summonings     | 4 |  4.2
Conjurations   | 3 8 |  8.1
Earth Magic    | 2 |  2.2
Dodging        | |  2.4
Stealth        | |  2.4

Action                   |  1- 3 |  4- 6 |  7- 9 | 10-12 || total
-------------------------+-------+-------+-------+-------++-------
Melee: Unarmed           |     1 |       |       |       ||     1
       Dagger            |       |    14 |    53 |    93 ||   160
       Staff             |       |       |       |    23 ||    23
 Cast: Freeze            |    37 |    32 |    34 |    39 ||   142
       Frozen Ramparts   |     1 |    14 |    24 |    42 ||    81
       Summon Ice Beast  |       |     1 |    16 |    56 ||    73
       Hailstorm         |       |       |     8 |   141 ||   149
       Stone Arrow       |       |       |       |     8 ||     8
Evoke: Wand              |       |       |       |     1 ||     1
  Use: Potion            |       |     3 |       |     4 ||     7
       Scroll            |       |       |       |     3 ||     3
 Stab: Sleeping          |       |     4 |     3 |     1 ||     8
       Distracted        |       |       |       |     2 ||     2
  Eat: Chunk             |     1 |    10 |    20 |    25 ||    56
Armor: Robe              |     1 |     3 |    31 |    67 ||   102
Dodge: Dodged            |    14 |    19 |    53 |   127 ||   213

Table legend:
 A = Non-vault XP
 B = Vault XP
 C = Vault XP percentage of total XP
 D = Non-vault monster count
 E = Vault monster count
 F = Vault count percentage of total count
                 A         B        C        D         E       F
            +---------+---------+-------+---------+---------+-------
      Total |   17586 |    8261 |  32.0 |     222 |      61 |  21.6
            +---------+---------+-------+---------+---------+-------
        D:1 |      31 |       0 |   0.0 |      19 |       0 |   0.0
        D:2 |      26 |      39 |  60.0 |      13 |      13 |  50.0
        D:3 |      79 |      72 |  47.7 |       6 |       3 |  33.3
        D:4 |     192 |      41 |  17.6 |      10 |       1 |   9.1
        D:5 |     656 |     197 |  23.1 |      17 |       1 |   5.6
        D:6 |     448 |     275 |  38.0 |      15 |       2 |  11.8
        D:7 |     827 |    1009 |  55.0 |      17 |       5 |  22.7
        D:8 |    1600 |     588 |  26.9 |      38 |       3 |   7.3
        D:9 |     367 |     199 |  35.2 |      13 |       3 |  18.8
       D:10 |    6832 |    1069 |  13.5 |      40 |       7 |  14.9
       D:11 |    1844 |    1871 |  50.4 |      11 |      10 |  47.6
       D:12 |    3504 |    2901 |  45.3 |      16 |      13 |  44.8
       D:13 |    1180 |       0 |   0.0 |       7 |       0 |   0.0
            +---------+---------+-------+---------+---------+-------
